[Event "Budapest One Week IM-B 03-2025"]
[Site "Budapest"]
[Date "2025.03.19"]
[Round "5.5"]
[White "Turcsanyi, Vince Gergo"]
[Black "Venkatesh, Narayan"]
[Result "1-0"]
[Annotator "TA"]
[ECO "A06"]
[WhiteElo "2285"]
[BlackElo "2203"]
[PlyCount "101"]
[EventDate "2025.03.17"]
[EventType "tourn"]
[EventCountry "HUN"]
[SourceTitle "playchess.com"]
[Source "ChessBase"]
[SourceQuality "1"]
[TimeControl "5400+30"]

1. Nf3 d5 2. e3 c5 3. b3 Nf6 4. Bb2 g6 5. c4 dxc4 6. Bxc4 Bg7 7. d4 cxd4 8. Nxd4 O-O 9. O-O Bd7 {[%emt 0:00:16] The main line 9...Bd7 scores better than 9...a6. E60: King's Indian: Unusual lines and Fianchetto Variation without Nc3.} 10. Be2 Nc6 11. Bf3 Rc8 {[%emt 0:01:30] The position is equal.} 12. Nd2 Nxd4 13. Bxd4 Bc6 14. Qe2 $146 (14. Nc4 b6 15. Rc1 Bxf3 16. Qxf3 Qd5 17. Rfd1 Qxf3 18. gxf3 Rc7 19. a4 Rfc8 20. Rc2 {0-1 Melkumyan,H (2645)-Bluebaum,M (2647) Titled Tuesday intern op 04th Oct Late blitz 2022 (8)}) 14... a6 15. Rac1 Bxf3 16. Nxf3 Qa5 17. Ne5 Rfd8 18. Nc4 Qf5 19. Qb2 b5 20. Na5 Qd5 {[%emt 0:04:09] Prevents Nc6} 21. h3 Ne8 22. Bxg7 Nxg7 23. Rxc8 Rxc8 24. Rc1 Qe6 25. b4 {[%emt 0:05:30] The position is symmetric and equal} Nf5 26. Nb3 Nd6 27. Rxc8+ Qxc8 $11 {[%emt 0:03:27][%mdl 4096] Endgame KQN-KQN} 28. Nc5 a5 29. e4 Qd8 30. Qd2 {[%emt 0:00:37] [#]} axb4 31. Qxb4 Qa8 32. e5 Nf5 33. Qxb5 Qa3 34. g3 Qc1+ 35. Kg2 Qc2 (35... Ne3+ $11 36. fxe3 Qc2+ 37. Kg1 Qc1+ 38. Kf2 Qc2+ 39. Kg1) 36. Qe8+ (36. a4 $14) 36... Kg7 {[%emt 0:00:02][%cal Oc2e2] Hoping for ...Qe2!.} 37. Nd7 Qc6+ $2 ({Better is} 37... Kh6 $11) 38. Kh2 $16 Kh6 39. Nf6 $1 $36 {[%emt 0:01:36][%mdl 2048] Threatening mate with Qf8+. White is in control.} Qf3 $2 {A mistake that costs the game.} (39... Qxe8 $16 {was worth a try.} 40. Nxe8 Nd4) 40. Qf8+ $18 Kg5 41. h4+ (41. Nxh7+ Kh5 42. Kg1 (42. Qxf7 $2 Qxf2+ 43. Kh1 Nxg3#) (42. g4+ Kh4 $15) 42... Nxg3 43. fxg3 Qxg3+ 44. Kf1 Qf4+ 45. Ke2 Qxe5+ 46. Kd3 Qd5+ 47. Kc3 Qc5+ 48. Kb3 Qb5+ 49. Kc3 Qa5+ 50. Kb3 Qb5+ 51. Ka3 Qd3+ 52. Kb4 Qb1+ 53. Ka3 Qd3+ 54. Kb4 Qb1+ 55. Ka3 Qc1+ 56. Kb3 Qb1+ 57. Kc3 Qe1+ 58. Kd3 Qd1+ 59. Kc3 Qc1+ 60. Kb3 Qb1+ 61. Ka3 $11) 41... Nxh4 42. gxh4+ Kf4 $2 (42... Kf5 43. Qc8+ (43. Nxh7 Qxf2+ 44. Kh3 Qe3+ 45. Kg2 Qe4+ 46. Kg1 Qb1+ 47. Kf2 Qxa2+ 48. Ke3 Qb3+ 49. Ke2 Qc4+ 50. Kd2 Qd5+ 51. Kc1 Qc4+ 52. Kd2 Qd4+ 53. Kc2 Qe4+ 54. Kb3 Qe3+ 55. Ka4 Qa7+ 56. Kb4 Qb6+ 57. Ka4 Qc6+ 58. Ka5 Qc7+ 59. Ka6 Qc6+ 60. Ka7 Ke6 $11) 43... Kxe5) 43. Qh6+ (43. Nxh7 $2 {leads to mate.} Qxf2+ (43... Kxe5 $2 {too greedy.} 44. Qxe7+ Kd4 45. Qb4+ Kd3 46. Qb3+ Ke2 47. Qxf3+ Kxf3 48. a4 $18) 44. Kh1 Kg3 45. Qxe7 Qh2#) 43... Kxe5 44. Qe3+ ({Weaker is} 44. Nxh7 Qxf2+ 45. Kh3 Qf3+ 46. Kh2 Qf2+ 47. Kh1 Qf1+ 48. Kh2 Qf2+ $11) 44... Qxe3 45. Ng4+ Kd4 46. Nxe3 Kc5 47. Kg3 {[%emt 0:00:43] Strongly threatening Ng4.} e6 48. Kf4 f6 49. Ng4 {[%emt 0:00:17] White mates.} e5+ {[%emt 0:00:17] [#]} 50. Nxe5 $1 fxe5+ (50... Kd6 51. Ng4) 51. Kxe5 {[%emt 0:00:04] Weighted Error Value: White=0.12 (very precise) /Black=0.78  Loses game:     	---       	Black=1      Mistake:       	White=1     	Black=3      Inaccurate:     	White=1     	Black=1      OK:         	White=11    	Black=9      Best:        	White=4     	Black=3      Strong:       	White=1     	---} 1-0

[Event "Budapest One Week IM-B 03-2025"]
[Site "Budapest"]
[Date "2025.03.20"]
[Round "6.1"]
[White "Pribelszky, Bence"]
[Black "Venkatesh, Narayan"]
[Result "1-0"]
[Annotator "TA"]
[ECO "A20"]
[WhiteElo "2400"]
[BlackElo "2203"]
[PlyCount "69"]
[EventDate "2025.03.17"]
[EventType "tourn"]
[EventCountry "HUN"]
[SourceTitle "playchess.com"]
[Source "ChessBase"]
[SourceQuality "1"]
[TimeControl "5400+30"]

1. c4 e5 2. g3 Nf6 3. Bg2 d5 4. cxd5 Nxd5 5. Nf3 Nc6 6. O-O Nb6 7. b3 {[%emt 0:00:16] A20: English Opening: 1...e5.} Bd6 8. Bb2 O-O 9. Nc3 {[%emt 0:02:59] The position is equal.} Re8 10. d4 e4 11. Nd2 f5 12. Nc4 Bb4 $146 (12... Bf8 13. e3 Nb4 14. f3 exf3 15. Bxf3 N6d5 16. Nxd5 Nxd5 17. Qd3 g6 18. Rae1 Bg7 {½-½ Kerr,S (2610)-Sferle,M (2550) AUS-ROM email 2006}) 13. e3 Be6 14. Qe2 Nd5 15. Nd1 (15. Nxd5 $142 Bxd5 16. Rfd1) 15... Bf8 16. f3 exf3 17. Qxf3 g6 18. Nc3 Ncb4 {[%emt 0:01:10] [#]} (18... Nce7 $11) 19. e4 $1 $16 fxe4 20. Nxe4 c6 21. Nc5 {[%emt 0:03:30] White is more active.} Qc7 22. Rae1 {[%emt 0:06:44] White has strong rooks and is better} Bf7 {[%emt 0:01:52] Loses the game.} (22... Bf5 $14) 23. Ne5 $18 Re7 {[%emt 0:04:57] Wards off Ned7} 24. Bh3 {[%emt 0:06:48] and Nxf7 would now be decisive} Rae8 25. Bd7 Bg7 26. Bxe8 Bxe8 27. Ng4 Bf7 {[%emt 0:01:39] [#] Inhibits Ne6.} (27... h5 {might work better.}) 28. Qxf7+ $3 Rxf7 29. Re8+ Rf8 30. Rfxf8+ Bxf8 31. Nh6+ (31. Ne6 Qe7 32. Nh6+ (32. Rxe7 Bxe7 33. Nh6+ Kh8 $11) 32... Kh8 33. Rxf8+ (33. Rxe7 Bxe7 34. a4 Nd3 $11) 33... Qxf8 34. Nxf8 Kg7 $16) 31... Kg7 ({Avoid the trap} 31... Kh8 $2 32. Rxf8+ Kg7 33. Ne6+ Kxh6 34. Bc1+ (34. Nxc7 Nxc7 35. Bc1+ g5 $18) 34... g5 35. Bxg5+ (35. Nxc7 Nxc7 36. Rg8 Ne6 $18) 35... Kg6 36. Nxc7 $18) 32. Ne6+ Kf6 33. Ng4+ Kf5 (33... Kf7 $142) 34. Nxc7 Nxc7 35. Ne3+ {[%emt 0:00:05] Weighted Error Value: White=0.16 (very precise) /Black=0.65  Loses game:     	---       	Black=1      Mistake:       	White=1     	Black=3      Inaccurate:     	---       	Black=4      OK:         	White=12    	Black=11     Best:        	White=3     	Black=2      Strong:       	White=1     	---} 1-0

[Event "Budapest One Week IM-B 03-2025"]
[Site "Budapest"]
[Date "2025.03.20"]
[Round "6.2"]
[White "Shah, Vishwa"]
[Black "Turcsanyi, Vince Gergo"]
[Result "0-1"]
[Annotator "TA"]
[ECO "C72"]
[WhiteElo "2172"]
[BlackElo "2285"]
[PlyCount "118"]
[EventDate "2025.03.17"]
[EventType "tourn"]
[EventCountry "HUN"]
[SourceTitle "playchess.com"]
[Source "ChessBase"]
[SourceQuality "1"]
[TimeControl "5400+30"]

1. e4 e5 2. Nf3 Nc6 3. Bb5 a6 4. Ba4 d6 5. O-O Nge7 6. c3 Bd7 7. d4 g6 8. dxe5 dxe5 9. Be3 Bg7 10. Nbd2 O-O 11. Qe2 {[%emt 0:03:15] C76: Ruy Lopez: Deferred Steinitz: 5 c3 Bd7 6 d4 g6.} h6 12. Bc5 $146 ({Predecessor:} 12. Rfd1 Qc8 13. Nf1 b5 14. Bc2 Be6 15. h3 Na5 16. Bc5 Re8 17. b3 Nb7 18. Ba3 {½-½ Ostashevsky,G (2167)-Oshevnev,A (2165) Russia CC-ch 2007 (1)}) 12... Re8 13. Rfe1 {[%emt 0:02:18] White has an edge.} b6 14. Ba3 b5 15. Bc2 g5 16. Nf1 Ng6 17. g3 (17. Red1 $142) 17... g4 $11 18. N3d2 Qg5 (18... Nf4 $1 $11 19. gxf4 exf4) 19. Ne3 Nf4 {[%emt 0:08:36] Prevents Nd5.} 20. Qf1 (20. gxf4 $16 exf4 21. Nd5) 20... Nh3+ 21. Kh1 Rad8 22. Rad1 Be6 23. f3 h5 (23... Bxa2 $2 24. fxg4 Nd4 25. cxd4 $18 (25. Qxh3 Nxc2 26. Nxc2 Rxd2 $17)) 24. Qg2 Bh6 (24... Bxa2 $6 25. b3 $16) 25. Bc5 Nb8 {[%emt 0:02:16] [#]} (25... Bxa2 26. fxg4 hxg4 27. b3 $16) 26. Nd5 $1 c6 27. Be3 Qg7 28. Bxh6 Qxh6 29. Ne3 Rd7 (29... Bxa2 $2 30. fxg4 Ng5 31. b3 $18 (31. Nf5 Qh7 $18)) (29... Nd7 $1 $11) 30. Ndf1 (30. fxg4 $16 hxg4 31. Bb3) 30... Red8 $14 (30... Bxa2 $2 31. fxg4 Ng5 32. h4 $18 (32. Nf5 Qf8 $18)) 31. Rxd7 Rxd7 (31... Nxd7 $11 {keeps the balance.} 32. Rd1 Qf8 (32... Bxa2 $2 33. fxg4 Ng5 34. h4 $18)) 32. Nf5 $36 {[%emt 0:00:19][%mdl 2048] White is really pushing.} Qg5 33. fxg4 hxg4 34. N1e3 Bxf5 35. exf5 (35. Nxf5 $2 Rd2 36. Re2 Rxe2 37. Qxe2 Qc1+ 38. Bd1 Qxd1+ 39. Qxd1 Nf2+ 40. Kg2 Nxd1 $19) 35... f6 (35... Rd6 $16) 36. Qe2 $18 c5 37. Be4 {[%emt 0:00:32] Against Nc6} (37. Qxg4 $2 Nf2+ 38. Kg1 Nxg4 $19) (37. Nxg4 $6 Rd2 38. Qe4 (38. Nxf6+ Kh8 $11) 38... Nd7 $16) 37... c4 38. Kg2 (38. Nxg4 $6 Rd2 39. Qf3 (39. Nxf6+ Kg7 $17) 39... Kg7 $14) (38. b3 $18) 38... Rg7 (38... Nf4+ $1 $14 39. gxf4 exf4) 39. Rd1 Nd7 {[%emt 0:00:25][%cal Oh3f4] [#]} 40. Nxg4 Nf4+ $11 41. gxf4 Qxg4+ 42. Qxg4 Rxg4+ {[%emt 0:00:01][%mdl 4096] Endgame KRB-KRN. White is a pawn up.} 43. Kf3 Rxf4+ 44. Ke3 (44. Kg3 $11 {is superior.}) 44... Nc5 $15 45. Bc2 Rh4 46. Rg1+ (46. Rd5 $142 Rxh2 (46... Rh3+ 47. Ke2 $15) 47. Rxc5 Rxc2 48. Rc6) 46... Kf7 $17 47. Rg2 Rh3+ 48. Kd2 Nd3 ({Better is} 48... Ke7 $17 49. Kd1 e4) 49. b3 (49. Bxd3 $15 cxd3 50. Rg4) 49... Nf4 50. Rf2 Nd5 51. bxc4 bxc4 52. Be4 Nxc3 {[%emt 0:00:26] Black is much more active.} 53. Bb7 Rd3+ (53... Nxa2 $19 {is more deadly.} 54. Bd5+ Ke7 55. Bxc4 Nb4) 54. Kc2 (54. Kc1 $17 {is the only way for White.}) 54... Nxa2 $19 55. h4 Nb4+ 56. Kc1 Rh3 {[%emt 0:01:03] Strongly threatening ...Nd3+.} 57. Rd2 (57. Rf3 $142 Rxh4 58. Ra3) 57... c3 {[%emt 0:00:33] Black is clearly winning.} 58. Rd7+ Ke8 59. Rc7 Rg3 {[%emt 0:00:23] Black used his chance.   Weighted Error Value: White=0.38/Black=0.19 (very precise)   Loses game:     	White=1     	---        Mistake:       	White=9     	Black=7      Inaccurate:     	White=4     	Black=3      OK:         	White=17    	Black=21     Best:        	White=3     	Black=7} 0-1

[Event "Budapest One Week IM-B 03-2025"]
[Site "Budapest"]
[Date "2025.03.20"]
[Round "6.3"]
[White "Ongut, Tamas Gunes"]
[Black "Jing, Andrew"]
[Result "1/2-1/2"]
[Annotator "NA RC"]
[ECO "A05"]
[WhiteElo "2290"]
[BlackElo "2198"]
[PlyCount "75"]
[EventDate "2025.03.17"]
[EventType "tourn"]
[EventCountry "HUN"]
[SourceTitle "playchess.com"]
[Source "ChessBase"]
[SourceQuality "1"]
[TimeControl "5400+30"]

1. Nf3 Nf6 2. g3 g6 3. b3 Bg7 4. Bb2 O-O 5. Bg2 c5 6. c4 d6 7. d4 d5 8. dxc5 dxc4 9. Qxd8 Rxd8 10. Nbd2 cxb3 11. Nxb3 Nc6 12. O-O Be6 13. Ne5 Nxe5 14. Bxe5 Bd5 15. Rfd1 Bxg2 16. Kxg2 Rxd1 17. Rxd1 Rc8 18. Rd4 b6 19. cxb6 axb6 20. Kf3 Ne8 21. Bxg7 Kxg7 22. Rd7 Kf8 23. Rb7 Ra8 24. Rxb6 Rxa2 25. Nd4 Nd6 26. Nc6 Ra3+ 27. e3 Ra8 28. g4 h6 29. h4 Rc8 30. Nd4 Rc5 31. Nc6 Ke8 32. Nd4 h5 33. g5 Kd7 34. Ra6 e5 35. Ra7+ Ke8 36. Ra6 Kd7 37. Ra7+ Ke8 38. Ra8+ 1/2-1/2

[Event "Budapest One Week IM-B 03-2025"]
[Site "Budapest"]
[Date "2025.03.20"]
[Round "6.4"]
[White "Mrithyunjay Mahadevan"]
[Black "Varga, Zoltan"]
[Result "1-0"]
[Annotator "TA"]
[ECO "B01"]
[WhiteElo "2295"]
[BlackElo "2305"]
[PlyCount "49"]
[EventDate "2025.03.17"]
[EventType "tourn"]
[EventCountry "HUN"]
[SourceTitle "playchess.com"]
[Source "ChessBase"]
[SourceQuality "1"]
[TimeControl "5400+30"]

1. e4 d5 2. exd5 Qxd5 3. Nc3 Qd6 4. d4 Nf6 5. Nf3 Nc6 6. Nb5 {[%emt 0:04:24] B01: Scandinavian Defence.} Qd8 7. d5 Nb4 (7... Qxd5 $2 8. Nxc7+ Kd8 9. Nxd5 $18) (7... Nxd5 $2 8. Qxd5 a6 9. Ng5 $18) 8. c4 {[%emt 0:00:06] White is slightly better.} c6 {[%emt 0:00:04] [#]} (8... Na6 $14) 9. dxc6 $1 $16 bxc6 10. Qxd8+ Kxd8 11. Nbd4 e5 $146 (11... c5 12. a3 cxd4 13. axb4 e5 14. c5 Nd7 15. Ng5 Ke8 16. Bc4 h6 17. Nxf7 Rh7 {1-0 Dyagilev,V (1991)-Pereboev,K (2248) Novokuznetsk op 2011 (8)}) 12. Nxe5 Bc5 13. Ndxc6+ Nxc6 14. Nxc6+ Kc7 15. b4 Re8+ 16. Be2 Bg4 17. f3 $1 Kxc6 18. bxc5 Bf5 (18... Be6 $16 19. Kf2 Nd7) 19. Kf2 $18 Nd7 20. Rd1 Nxc5 21. Ba3 ({White should play} 21. Be3 $18 {Bxc5 would now be deadly.} Be6 22. Rab1) 21... Na4 (21... Be6 $16 {was worth a try.} 22. Rab1 a6) 22. Rd6+ Kc7 23. Rc1 Rad8 $2 {[%emt 0:04:58] [#]} (23... Nb6 24. c5 Nc8) 24. c5 Bd7 25. Bb4 {[%emt 0:00:39] Weighted Error Value: White=0.04 (flawless) /Black=0.27 (precise)   Mistake:       	White=1     	Black=4      Inaccurate:     	---       	Black=2      OK:         	White=9     	Black=8      Best:        	White=3     	---        Strong:       	White=2     	---} 1-0

[Event "Budapest One Week IM-B 03-2025"]
[Site "Budapest"]
[Date "2025.03.20"]
[Round "6.5"]
[White "Luebke, Florentin"]
[Black "Kustar, Sandor"]
[Result "1/2-1/2"]
[Annotator "NA RC"]
[ECO "C15"]
[WhiteElo "2233"]
[BlackElo "2231"]
[PlyCount "40"]
[EventDate "2025.03.17"]
[EventType "tourn"]
[EventCountry "HUN"]
[SourceTitle "playchess.com"]
[Source "ChessBase"]
[SourceQuality "1"]
[TimeControl "5400+30"]

1. e4 e6 2. d4 d5 3. Nc3 Bb4 4. Nge2 Nc6 5. exd5 exd5 6. a3 Ba5 7. b4 Bb6 8. Na4 Nge7 9. c3 O-O 10. Nf4 Qd6 11. Be2 Bf5 12. O-O Rae8 13. Bg4 Nd8 14. Re1 c6 15. Nxb6 axb6 16. Bd2 Qd7 17. h3 Nc8 18. Be2 h6 19. Nd3 f6 20. Bf4 Nd6 1/2-1/2

[Event "Budapest One Week IM-B 03-2025"]
[Site "Budapest"]
[Date "2025.03.21"]
[Round "7.1"]
[White "Kustar, Sandor"]
[Black "Pribelszky, Bence"]
[Result "1/2-1/2"]
[Annotator "TA"]
[ECO "C05"]
[WhiteElo "2231"]
[BlackElo "2400"]
[PlyCount "35"]
[EventDate "2025.03.17"]
[EventType "tourn"]
[EventCountry "HUN"]
[SourceTitle "playchess.com"]
[Source "ChessBase"]
[SourceQuality "1"]
[TimeControl "5400+30"]

1. d4 e6 2. e4 d5 3. Nd2 Nf6 4. e5 Nfd7 5. Ngf3 c5 6. c3 Nc6 7. Bd3 cxd4 8. cxd4 Qb6 9. O-O Nxd4 10. Nxd4 Qxd4 11. Nf3 Qb6 12. Qa4 Qb4 13. Qc2 Nc5 14. Bd2 {C06: French Tarrasch: 3...Nf6 4 e5 Nfd7 5 Bd3 main lines.} Qb6 $146 (14... Qa4 $11) (14... Qa4 15. b3 Qd7 16. Be2 Be7 17. Be3 b6 18. b4 Ne4 19. Nd4 a6 20. f3 Ng5 21. h4 h6 22. hxg5 hxg5 23. Nc6 Bb7 24. Nxe7 Qxe7 {1-0 Nihal,S (2687)-Akobian,V (2564) Titled Tuesday intern op 07th Jan Early blitz 2025 (3)}) 15. Be3 {[%mdl 1024] [#] White has compensation.} Qb4 (15... Bd7 $11 {remains equal.}) 16. Bd2 {White is much more active. The black rooks are passive.} (16. Be2 $16) 16... Qb6 $11 17. Be3 {Threatens to win with Rfc1.} Qb4 18. Bd2 {Weighted Error Value: White=0.38/Black=0.28 (precise)   Mistake:       	White=2     	Black=2      Inaccurate:     	White=1     	---        OK:         	---       	Black=2} ({Better is} 18. Bxh7 $14 a5 19. Rad1) 1/2-1/2

[Event "Budapest One Week IM-B 03-2025"]
[Site "Budapest"]
[Date "2025.03.21"]
[Round "7.2"]
[White "Varga, Zoltan"]
[Black "Luebke, Florentin"]
[Result "0-1"]
[Annotator "TA"]
[ECO "B29"]
[WhiteElo "2305"]
[BlackElo "2233"]
[PlyCount "58"]
[EventDate "2025.03.17"]
[EventType "tourn"]
[EventCountry "HUN"]
[SourceTitle "playchess.com"]
[Source "ChessBase"]
[SourceQuality "1"]
[TimeControl "5400+30"]

1. e4 c5 2. Nf3 Nf6 3. e5 Nd5 4. Nc3 e6 5. Ne4 f5 6. Nc3 Nb4 {[%emt 0:00:19] B29: Sicilian: 2 Nf3 Nf6 (Nimzowitsch Variation).} 7. Bc4 a6 8. O-O b5 {[%emt 0:02:52] The position is equal.} 9. Be2 N4c6 $1 10. Re1 $146 ({Predecessor:} 10. a4 b4 11. Nb1 Nd4 12. Nxd4 cxd4 13. Bf3 Nc6 14. d3 Qc7 15. Nd2 Bc5 16. Nc4 {½-½ Ter Sahakyan,S (2618)-Rakhmanov,A (2596) Karaganda Akim Cup 2024 (4)}) 10... Bb7 11. Bf1 Nd4 12. Nxd4 cxd4 13. Ne2 Nc6 14. c3 Qb6 (14... Nxe5 {is interesting.} 15. Nxd4 Ng4 16. h3 Bd6) 15. a4 b4 16. cxd4 Nxd4 17. d3 Bc5 18. Nxd4 Bxd4 19. Qh5+ Kf8 20. Qh4 h6 21. a5 g5 22. Qxh6+ (22. Bxg5 $11 {remains equal.} Bxf2+ 23. Qxf2 Qxf2+ 24. Kxf2 hxg5 25. h3) 22... Rxh6 $17 23. axb6 f4 $1 {[%emt 0:01:04][%cal Oa6a5] Black is much more active.} 24. Bd2 {[%emt 0:01:33] [#]} Kf7 $1 {[%emt 0:03:33] and ...a5 should not be overlooked} (24... Bxb6 25. Bxb4+ Kf7 26. Ba5 Bxa5 27. Rxa5 $16) (24... a5 $2 25. Rxa5 b3 (25... Rxa5 $2 26. Bxb4+ Kf7 27. Bxa5 $18) 26. Rb5 $18) 25. h3 {[%emt 0:13:51] This costs White the game.} (25. Rec1 $17) 25... a5 $19 ({Weaker is} 25... Bxb2 26. Rab1 Bc3 27. Bxc3 bxc3 28. Rb3 $16) 26. Rec1 (26. Rac1) 26... Bxb6 27. d4 Bc6 28. Rxc6 (28. Rd1 {was worth a try.}) 28... dxc6 29. Bxb4 Bxd4 {[%emt 0:01:49] Weighted Error Value: White=0.32/Black=0.13 (very precise)   Mistake:       	White=4     	---        Inaccurate:     	White=3     	Black=2      OK:         	White=6     	Black=6      Best:        	White=2     	Black=1      Strong:       	---       	Black=3} 0-1

[Event "Budapest One Week IM-B 03-2025"]
[Site "Budapest"]
[Date "2025.03.21"]
[Round "7.3"]
[White "Jing, Andrew"]
[Black "Mrithyunjay Mahadevan"]
[Result "1/2-1/2"]
[Annotator "TA"]
[ECO "A40"]
[WhiteElo "2198"]
[BlackElo "2295"]
[PlyCount "87"]
[EventDate "2025.03.17"]
[EventType "tourn"]
[EventCountry "HUN"]
[SourceTitle "playchess.com"]
[Source "ChessBase"]
[SourceQuality "1"]
[TimeControl "5400+30"]

1. d4 e6 2. c4 b6 3. e4 Bb7 4. Nc3 Bb4 5. f3 c5 6. d5 {[%emt 0:02:11] A40: Unusual replies to 1 d4.} Bxc3+ 7. bxc3 d6 8. Be3 $146 {[%emt 0:03:58] White is slightly better.} (8. Ne2 e5 9. h4 h5 10. Bg5 f6 11. Be3 Nh6 12. Qd2 Bc8 13. Ng3 Nf7 14. Nf5 {½-½ Novotna,T (1566)-Kuhnmund,I (1709) Ricany op 2016 (9)}) 8... e5 9. Bd3 Ne7 10. Ne2 O-O 11. g4 Ng6 12. Qd2 Nh4 {[%emt 0:02:20] [#]} 13. Ng1 (13. O-O $1 $16 {Bg5 would now be deadly.} f6 14. Ng3) 13... f6 {[%emt 0:01:44] Dodges Bg5} (13... Nd7 $11 {keeps the balance.}) 14. Bf2 Ng2+ 15. Kf1 Nf4 16. Ne2 Nxd3 17. Qxd3 Qe8 18. a4 Nd7 19. Ng3 g6 20. h4 Kf7 21. Be3 Ke7 22. h5 (22. a5 {with more complications.} bxa5 23. Bh6 Rg8 24. Rxa5 Qd8 25. Ra2) 22... Kd8 (22... a5 $14) 23. hxg6 {[%emt 0:00:29] White is more active.} (23. a5 $16) 23... hxg6 $11 24. Rh7 Rf7 25. Rh6 Nf8 26. Kf2 ({Better is} 26. Qb1) 26... Kc7 27. a5 Ba6 28. Rhh1 b5 29. cxb5 $1 Qxb5 30. Qxb5 Bxb5 31. Rab1 (31. Rh8 $16) 31... Bd3 32. Rb2 Rh7 33. Rxh7+ Nxh7 34. Bd2 Rb8 35. Rxb8 Kxb8 {[%emt 0:00:04][%mdl 4096] Endgame KBN-KBN} 36. Nf1 Kb7 37. Ne3 $1 Ka6 38. c4 Ng5 39. Be1 Nf7 (39... Nh3+ $15 40. Kg3 Ng1) 40. Bc3 {[%emt 0:00:35] The position is equal.} Nd8 41. Ke1 Nb7 42. Kd2 Bb1 43. Kc1 Bd3 44. Kd2 {[%emt 0:00:04] Repels Be2.   Weighted Error Value: White=0.18 (very precise) /Black=0.18 (very precise)   Mistake:       	White=4     	Black=3      Inaccurate:     	White=3     	Black=6      OK:         	White=13    	Black=11     Best:        	---       	Black=2      Strong:       	White=2     	---} 1/2-1/2

[Event "Budapest One Week IM-B 03-2025"]
[Site "Budapest"]
[Date "2025.03.21"]
[Round "7.4"]
[White "Turcsanyi, Vince Gergo"]
[Black "Ongut, Tamas Gunes"]
[Result "1/2-1/2"]
[Annotator "TA"]
[ECO "A04"]
[WhiteElo "2285"]
[BlackElo "2290"]
[PlyCount "87"]
[EventDate "2025.03.17"]
[EventType "tourn"]
[EventCountry "HUN"]
[SourceTitle "playchess.com"]
[Source "ChessBase"]
[SourceQuality "1"]
[TimeControl "5400+30"]

1. Nf3 d6 2. d4 Nf6 3. c4 g6 4. Nc3 Bg7 5. e4 Bg4 6. Be2 Bxf3 $1 {[%emt 0:00:12][%mdl 4] is more profitable than 6...0-0 at the moment.} 7. Bxf3 {[%emt 0:03:09] [#] e5 is the strong threat.} e5 {[%emt 0:00:08] E90: King's Indian: Classical: Early deviations and 6 h3.} 8. d5 h5 9. Bg5 Bh6 {[%emt 0:00:16] White has an edge.} 10. Qd2 $146 (10. Bxh6 Rxh6 11. Qd2 Rh8 12. O-O-O a5 13. h3 Na6 14. g4 Qe7 15. g5 Nd7 16. Nb5 {0-1 Gordon,F (2354)-Baltic,F (2255) Titled Tuesday intern op 16th Jul Late blitz 2024 (5)}) 10... Bxg5 11. Qxg5 Nbd7 12. O-O a5 13. b3 Kf8 14. a3 Kg7 15. b4 Qb8 (15... c6 {looks sharper.} 16. dxc6 axb4 17. cxb7 Rxa3 18. Nb5 Rxa1 19. Rxa1 Qb6) 16. Qe3 Rc8 17. c5 (17. Be2 $11) 17... axb4 $17 18. axb4 Rxa1 19. Rxa1 {[%emt 0:00:06] [#]} c6 $1 20. Na4 Qa7 ({Black should play} 20... cxd5 $17 {White must now prevent ...d4.} 21. exd5 e4) 21. cxd6 Qxe3 22. fxe3 cxd5 (22... Ra8 $5 23. dxc6 bxc6 $11) 23. exd5 Ra8 24. Ra2 (24. Be2 $1 $11) 24... Ne8 25. Nc3 $1 Rxa2 26. Nxa2 Nxd6 {[%emt 0:00:12][%mdl 4096] Endgame KBN-KNN} 27. Nc3 f5 28. e4 h4 29. Kf2 Nf6 30. Ke3 fxe4 31. Nxe4 {[%emt 0:01:10] The position is equal.} Nxd5+ 32. Kf2 Nxe4+ 33. Bxe4 Nxb4 34. Bxb7 $11 {[%emt 0:00:06] KB-KN. Black is a pawn up.} Nd3+ 35. Kf3 Nc5 36. Bc8 Kf6 37. Kg4 g5 38. g3 $1 hxg3 39. Kxg3 e4 40. h4 gxh4+ 41. Kf4 Kg6 42. Bf5+ Kh5 43. Bg4+ Kh6 44. Bf5 {[%emt 0:00:04] Weighted Error Value: White=0.14 (very precise) /Black=0.07 (flawless)   Mistake:       	White=2     	Black=1      Inaccurate:     	White=3     	Black=1      OK:         	White=10    	Black=14     Best:        	White=2     	Black=1      Strong:       	White=2     	Black=1} 1/2-1/2